 Dungeon Crawl Stone Soup version 0.30.0-12-gd5a94ecb5d (webtiles) character file.

Game seed: 11223865408567183312

58 Leibowitz the Poker (level 4, 0/51 HPs)
             Began as a Merfolk Gladiator on May 17, 2023.
             Slain by an orc
             ... wielding a +0 short sword
              (3 damage)
             ... on level 3 of the Dungeon.
             The game lasted 00:03:09 (1745 turns).

Leibowitz the Poker (Merfolk Gladiator)             Turns: 1745, Time: 00:03:11

Health: 0/51       AC: 22    Str: 14    XL:     4   Next: 2%
Magic:  4/4        EV:  2    Int:  7    God:
Gold:   116        SH:  0    Dex: 17    Spells: 3/3 levels left

rFire   . . .        a - +0 trident
rCold   + . .        (no shield)
rNeg    . . .        b - melded +0 leather armour
rPois   +            c - melded +0 helmet
rElec   .            (cloak currently unavailable)
rCorr   .            (gloves currently unavailable)
SInv    .            (boots currently unavailable)
Will    .....        (no amulet)
Stlth   ++           l - +5 ring of evasion
HPRegen 0.28/turn    t - ring of protection from cold
MPRegen 0.09/turn

%: no passive effects
@: tree-form
A: stationary, stasis, torment immunity, boosted hp, (nimble swimmer 2),
(mertail)
a: no special abilities


You were on level 3 of the Dungeon.
You were a tree.
You visited 1 branch of the dungeon, and saw 3 of its levels.

You collected 116 gold pieces.

Inventory:

Hand Weapons
 a - a +0 trident (weapon)
Missiles
 d - 3 throwing nets (quivered)
 e - a javelin
Armour
 b - a +0 leather armour (melded)
 c - a +0 helmet (melded)
Jewellery
 l - a +5 ring of evasion (left branch)
 q - a ring of resist corrosion
 t - a ring of protection from cold (right branch)
Scrolls
 f - a scroll of fog {unknown}
 h - 3 scrolls of identify {unknown}
 i - a scroll of noise {unknown}
 k - a scroll of amnesia {unknown}
 o - a scroll of butterflies {unknown}
 r - 4 scrolls of immolation {unknown}
 s - a scroll of blinking {unknown}
Potions
 j - a potion of mutation {unknown}
 m - a potion of flight {unknown}
 n - 4 potions of brilliance {unknown}
 p - a potion of might {unknown}


   Skills:
 * Level 2.7 Fighting
 * Level 5.2 Polearms
 - Level 2.0 Throwing
 * Level 0.4 Armour
 * Level 4.7 Dodging


You had 3 spell levels left.
You didn't know any spells.
Your spell library contained the following spells:

 Spells                   Type           Power      Damage    Failure   Level
 Foxfire                  Conj/Fire      0%         2x1d4     43%         1
 Slow                     Hex            0%         N/A       43%         1
 Confusing Touch          Hex            0%         N/A       80%         3
 Vampiric Draining        Necr           0%         2d6       80%         3
 Fireball                 Conj/Fire      0%         3d3       100%        5
 Plasma Beam              Fire/Air       0%         2x1d11    100%        6
 Starburst                Conj/Fire      0%         6d3       100%        6


Dungeon Overview and Level Annotations

Branches:
Dungeon (3/15)

Altars:

Shops:
D:1 (

Annotations:
D:3 1 transporter, tish's ghost, amateur BaSu


Innate Abilities, Weirdness & Mutations

You are a tree.
Your roots penetrate the ground, keeping you stationary.
You cannot be teleported.
You are immune to unholy pain and torment.
Your maximum health is greatly increased.
Your equipment is partially melded.
((You are very nimble when in or above water. (Stealth+, EV+, Speed+++)))
((Your lower body shifts to a powerful aquatic tail in water.))


Message History

The orc wizard hits you but does no damage.
You hit the orc wizard.
The orc wizard is lightly wounded.
The orc hits you but does no damage. x2
The orc wizard hits you but does no damage.
You puncture the orc wizard!
The orc wizard is severely wounded.
The orc hits you but does no damage.
The orc wizard points at you and mumbles some strange words.
The magic dart hits you.
* * * LOW HITPOINT WARNING * * *
The orc completely misses you.
The frilled lizard unfolds its giant frill.
You barely miss the orc wizard.
The orc wizard is severely wounded.
The orc hits you but does no damage. x2
The orc wizard hits you but does no damage.
You miss the orc wizard.
The orc wizard is severely wounded.
The orc hits you but does no damage.
You hit the orc wizard.
The orc wizard is almost dead.
The orc barely misses you. x2
You barely miss the orc wizard.
The orc wizard is almost dead.
The orc hits you but does no damage.
The orc wizard hits you with a +0 dagger.
* * * LOW HITPOINT WARNING * * *
The orc completely misses you.
The orc priest calls down the wrath of Beogh upon you.
Beogh smites you!
* * * LOW HITPOINT WARNING * * *
You hit the orc wizard but do no damage.
The orc wizard is almost dead.
The orc hits you with a +0 short sword.
* * * LOW HITPOINT WARNING * * *
The orc wizard hits you with a +0 dagger.
* * * LOW HITPOINT WARNING * * *
The orc hits you with a +0 short sword.
You die...

#......###.#
#.# #.....##
#.# #.#
###.### #.#
#.. #..#
##.# #..
##.###...#
#.#>..###
#...# #..##
#♣o#
#oo......
#ol......
##.......
.......
.......
.......
.......


You could see an orc priest, an orc wizard, 2 orcs and a frilled lizard.

Vanquished Creatures
  A gnoll (D:1)
  An adder (D:2)
  A dart slug (D:1)
  An orc (D:3)
  3 endoplasms
  A giant cockroach (D:1)
  3 goblins
  5 hobgoblins
  4 kobolds
  4 quokkas
  4 ball pythons
  3 bats
  2 rats
33 creatures vanquished.

Notes
Turn   | Place    | Note
-------+----------+-------------------------------------------
     0 | D:1      | Leibowitz the Merfolk Gladiator began the quest for the
                  | Orb.
     0 | D:1      | Reached XP level 1. HP: 16/16 MP: 1/1
    77 | D:1      | Reached XP level 2. HP: 18/23 MP: 2/2
   230 | D:1      | Reached XP level 3. HP: 28/28 MP: 3/3
   474 | D:1      | Found Kytihiem's Antique Weapon Shop.
  1216 | D:2      | Reached skill level 5 in Polearms
  1658 | D:3      | Found a transporter.
  1660 | D:3      | Noticed tish's ghost (amateur BaSu)
  1738 | D:3      | Reached XP level 4. HP: 15/34 MP: 4/4
  1745 | D:3      | Slain by an orc

Illustrated notes

Levels and vault maps discovered:
D:1:      nzn_arrival_depleted_hourglass, layout_rooms, serial_shops, shop,
          minmay_misc_feat_tiny
D:2:      layout_basic
D:3:      layout_rooms, shapermc_ecumenical_altar_gd, gammafunk_ghost_smash,
          minivault_5, uniq_sigmund

Skill      XL: |  1  2  3 |
---------------+----------+-----
Polearms       | 5 |  5.2
Fighting       | |  2.7
Throwing       | |  2.0
Armour         | |  0.4
Dodging        | |  4.7

Action                     |  1- 3 |  4- 6 || total
---------------------------+-------+-------++-------
  Melee: Trident           |    95 |     8 ||   103
         Punch             |     1 |       ||     1
    Use: Potion            |     1 |       ||     1
   Stab: Sleeping          |     2 |       ||     2
 Armour: Leather armour    |    22 |       ||    22
         Skin              |       |    12 ||    12
  Dodge: Dodged            |    60 |     4 ||    64
